 Dungeon Crawl Stone Soup version 0.22-a0-259-gdd11e71 (webtiles) character file.

7688 Joshtr2000 the Covert (level 11, -6/99 HPs)
             Began as a Deep Dwarf Assassin on Feb 1, 2018.
             Was a Believer of Dithmenos.
             Mangled by an orc warrior
             ... wielding a +0 short sword
             ... led by an orc knight
              (10 damage)
             ... on level 1 of the Orcish Mines on Mar 5, 2018.
             The game lasted 01:26:48 (7715 turns).

Joshtr2000 the Covert (Deep Dwarf Assassin)         Turns: 7715, Time: 01:26:48

Health: -6/99      AC:  5    Str: 18    XL:     11   Next: 0%
Magic:  1/1        EV: 14    Int: 11    God:    Dithmenos [**....]
Gold:   299        SH: 11    Dex: 17    Spells: 10/10 levels left

rFire    . . .     SeeInvis .   q - +2 dagger (venom)
rCold    . . .     Gourm    .   t - +0 shield
rNeg     . . .     Faith    .   c - +0 robe
rPois    .         Spirit   .   (no helmet)
rElec    .         Reflect  .   d - +0 cloak
rCorr    .         Harm     .   (no gloves)
MR       ++...                  n - +1 pair of boots
Stlth    +++++.....             (no amulet)
HPRegen  0.00/turn              (no ring)
MPRegen  0.07/turn              (no ring)

@: non-regenerating, wreathed by umbra, invisible
A: damage resistance, heal wounds, agile 1, magic resistance 1, sense
surroundings 2, no regeneration
a: Heal Wounds, Shadow Step, Renounce Religion


You were on level 1 of the Orcish Mines.
You worshipped Dithmenos.
Dithmenos was pleased with you.
You were not hungry.

You visited 3 branches of the dungeon, and saw 11 of its levels.

You collected 456 gold pieces.
You spent 157 gold pieces at shops.

Inventory:

Hand Weapons
 b - a +0 blowgun
 k - a +0 hand crossbow
 q - a +2 dagger of venom (weapon)
Missiles
 e - 54 poisoned needles
 f - 12 curare-tipped needles
Armour
 c - a +0 robe (worn)
 d - a +0 cloak (worn)
 n - a +1 pair of boots (worn)
 t - a +0 shield (worn)
Jewellery
 a - an uncursed ring of wizardry
Wands
 w - a wand of disintegration (5)
 x - a wand of paralysis (5)
 C - a wand of iceblast (16)
Scrolls
 l - a scroll of amnesia
 m - 6 scrolls of identify
 s - a scroll of enchant armour
 u - 2 scrolls of remove curse
 A - a scroll of teleportation
Potions
 h - a potion of lignification
 i - a potion of haste
 j - 7 potions of magic
 p - a potion of agility
 r - 2 potions of curing
 v - 2 potions of brilliance
Comestibles
 g - 9 rations


   Skills:
 + Level 6.8 Fighting
 + Level 7.3 Short Blades
   Level 1.2(5.1) Long Blades
 - Level 6.0 Throwing
 - Level 6.2 Dodging
 - Level 8.3 Stealth
 * Level 6.6 Shields
 + Level 6.6 Invocations
 - Level 4.0 Evocations


You had 10 spell levels left.
You didn't know any spells.

Dungeon Overview and Level Annotations

Branches:
Dungeon (9/15)             Temple (1/1) D:6            Lair (0/6) D:9
    Orc (1/2) D:9

Altars:
Ashenzari
Cheibriados
Dithmenos
Elyvilon
Fedhas
Gozag
Hepliaklqana
Kikubaaqudgha
Makhleb
Nemelex Xobeh
Okawaru
Qazlal
Ru
Sif Muna
Trog
Uskayaw
Vehumet
Wu Jian
Xom
Yredelemnul
Zin
The Shining One

Shops:
D:5 *?[(   D:8 [


Innate Abilities, Weirdness & Mutations

You are resistant to damage.
You can heal yourself by infusing magical energy.
You passively map the area around you.
You do not regenerate.
You are agile. (Dex +2)
You are resistant to hostile enchantments. (MR+)


Message History

The orc warrior is poisoned.
You hit the orc warrior.
The orc warrior looks even sicker.
The orc warrior is lightly wounded.
You block the orc warrior's attack.
You hit the orc warrior.
The orc warrior looks as sick as possible!
The orc warrior is lightly wounded.
You block the orc warrior's attack.
You closely miss the orc warrior.
The orc warrior is lightly wounded.
The orc warrior barely misses you. The orc warrior closely misses you.
The orc warrior throws a tomahawk.
The tomahawk hits you!
* * * LOW HITPOINT WARNING * * *
You see here a tomahawk.
You hit the orc warrior but do no damage.
The orc warrior is poisoned.
You fade into invisibility!
The orc warrior no longer looks unusually strong. x2
The orc warrior hits you with a short sword!
You die...

* , , 8 , , ###### , ,,,
##.##.## * . , ,,*
#......# , * ...
##..##..###+###...., *
#.........o.)((...( ,
##.......8o8.8...... *
##.......@....$#....* ,
#.................###
##...(..#..........#.##
#....((..>............
#......$....#........#####
##.#..............(..oo.To
#.#.............#...)####
.............#.#.....#...
#.#...........##..#..#..#


You could see 2 orc warriors.

Vanquished Creatures
  2 two-headed ogres (D:8)
  Erica (D:8)
  An orc knight (Orc:1)
  Pikel (D:9)
  A hornet (D:8)
  A hippogriff (D:9)
  A basilisk (D:9)
  2 wargs (Orc:1)
  Menkaure (D:6)
  6 orc warriors
  2 ice beasts
  A sky beast (D:5)
  2 black bears
  3 phantoms
  3 ogres
  3 centaurs
  A crocodile (D:9)
  4 bullfrogs
  A gnoll sergeant (D:5)
  A water moccasin skeleton (D:8)
  3 scorpions
  3 wights (D:5)
  7 killer bees (D:8)
  A howler monkey (D:7)
  2 crimson imps
  A bullfrog zombie (D:7)
  3 hounds
  10 orc priests
  9 orc wizards
  An iguana (D:8)
  10 worker ants
  2 hound zombies
  A howler monkey skeleton (D:5)
  3 gnolls (D:5)
  10 adders
  A shadow imp (D:8)
  3 oozes
  An adder skeleton (D:5)
  4 worms
  2 dart slugs
  6 leopard geckos
  48 orcs
  3 ball pythons
  6 giant cockroaches
  9 goblins
  6 hobgoblins
  3 jackals (D:1)
  4 quokkas
  7 bats
  3 frilled lizards
  7 kobolds
  A leopard gecko zombie (D:5)
  13 rats
231 creatures vanquished.

Vanquished Creatures (others)
  2 slaves (D:9)
  An orc priest (D:9)
  7 orcs (D:9)
10 creatures vanquished.

Grand Total: 241 creatures vanquished

Notes
Turn   | Place    | Note
-------+----------+-------------------------------------------
     0 | D:1      | Joshtr2000 the Deep Dwarf Assassin began the quest for the Orb.
     0 | D:1      | Reached XP level 1. HP: 19/19 MP: 1/1
    44 | D:1      | Reached skill level 5 in Stealth
    98 | D:1      | Reached XP level 2. HP: 21/26 MP: 2/2
   613 | D:2      | Reached XP level 3. HP: 22/32 MP: 3/3
  1086 | D:2      | Found a sparkling altar of Nemelex Xobeh.
  1363 | D:2      | Reached XP level 4. HP: 30/39 MP: 4/4
  1649 | D:3      | Reached skill level 6 in Stealth
  1695 | D:3      | Reached XP level 5. HP: 27/46 MP: 5/5
  1853 | D:3      | Gained mutation: You are resistant to hostile enchantments. (MR+) [potion of mutation]
  1853 | D:3      | Gained mutation: You are agile. (Dex +2) [potion of mutation]
  2283 | D:4      | Upgraded the game from 0.22-a0-135-g6f012ad to 0.22-a0-254-gaf95ca0
  2401 | D:4      | Reached XP level 6. HP: 40/55 MP: 6/6
  2576 | D:4      | Reached skill level 7 in Stealth
  2846 | D:5      | Entered Level 5 of the Dungeon
  3042 | D:5      | Reached XP level 7. HP: 35/62 MP: 7/7
  3063 | D:5      | Reached skill level 8 in Stealth
  3290 | D:5      | Found Moshrih's Weapon Shoppe.
  3326 | D:5      | Bought a +0 hand crossbow for 49 gold pieces
  3502 | D:5      | Reached skill level 1 in Long Blades
  4130 | D:5      | Reached XP level 8. HP: 52/72 MP: 5/5
  4273 | D:5      | Found Awkyqila's Magic Scroll Emporium.
  4278 | D:5      | Found Xituw's Assorted Antiques.
  4281 | D:5      | Bought a scroll of remove curse for 36 gold pieces
  4281 | D:5      | Bought a scroll of remove curse for 36 gold pieces
  4281 | D:5      | Bought a scroll of remove curse for 36 gold pieces
  4332 | D:5      | Found Hioqih's Armour Shop.
  4426 | D:5      | Reached skill level 1 in Evocations
  4528 | D:6      | Found an ornate altar of the Wu Jian Council.
  4556 | D:6      | Noticed Menkaure
  4576 | D:6      | Killed Menkaure
  4683 | D:6      | Found a staircase to the Ecumenical Temple.
  4915 | D:6      | Reached skill level 5 in Short Blades
  5484 | Temple   | Entered the Ecumenical Temple
  5727 | Temple   | Upgraded the game from 0.22-a0-254-gaf95ca0 to 0.22-a0-259-gdd11e71
  5742 | Temple   | Became a worshipper of Dithmenos the Shadowed
  5840 | D:7      | Reached skill level 5 in Dodging
  6076 | D:7      | Gained mutation: You passively map the area around you. [Deep Dwarf growth]
  6076 | D:7      | Reached XP level 9. HP: 16/79 MP: 6/6
  6262 | D:7      | Reached skill level 1 in Invocations
  6539 | D:8      | Reached skill level 5 in Fighting
  6558 | D:8      | Noticed a two-headed ogre
  6586 | D:8      | Noticed a two-headed ogre
  6603 | D:8      | Killed a two-headed ogre
  6603 | D:8      | Reached skill level 5 in Throwing
  6641 | D:8      | Reached skill level 1 in Shields
  6666 | D:8      | Killed a two-headed ogre
  6666 | D:8      | Reached XP level 10. HP: 65/91 MP: 7/7
  6678 | D:8      | Reached * piety under Dithmenos
  6734 | D:8      | Noticed Erica
  6759 | D:8      | Killed Erica
  6759 | D:8      | Reached skill level 5 in Invocations
  6864 | D:8      | Found Kiumpec's Antique Armour Shop.
  7145 | D:9      | Noticed an elephant
  7175 | D:9      | Found a staircase to the Lair.
  7212 | D:9      | Reached skill level 5 in Shields
  7263 | D:9      | Noticed Pikel
  7288 | D:9      | Killed Pikel
  7322 | D:9      | Reached ** piety under Dithmenos
  7357 | D:9      | Found a staircase to the Orcish Mines.
  7381 | Orc:1    | Entered Level 1 of the Orcish Mines
  7639 | Orc:1    | Noticed an orc knight
  7708 | Orc:1    | Killed an orc knight
  7708 | Orc:1    | Reached XP level 11. HP: 18/99 MP: 1/1
  7713 | Orc:1    | HP: 4/99 [orc warrior/tomahawk[an orc knight] (14)]
  7715 | Orc:1    | Mangled by an orc warrior

Vault maps used:
D:1:      dpeg_arrival_short_road, minmay_bisected
D:2:      first_ration, nemelex_xobeh_ov_fountains_minmay
D:5:      serial_shops, kennysheep_mini, nicolae_shop_trees, shop, shop,
          sword_in_stone
D:6:      old_standard_altar, temple_fountains, uniq_menkaure
D:8:      serial_shops, shop, uniq_erica
D:9:      david_lair_generic, hiddenorc2_lemuel, the_bakery, uniq_pikel
Temple:   nicolae_temple_the_god_donut
Orc:1:    nicolae_orc_bridge_out, nicolae_orc_sculptors_studio,
          guppyfry_library_mini

Skill      XL: |  1  2  3  4  5  6  7  8  9 10 |
---------------+-------------------------------+-----
Stealth        | 5 6 7 8 |  8.3
Throwing       | 2 3 4 5 6 |  6.0
Fighting       | 2 3 4 5 6 |  6.8
Short Blades   | 2 3 4 5 6 7 |  7.3
Dodging        | 2 3 5 6 |  6.2
Long Blades    | 1 |  1.2
Evocations     | 3 4 |  4.0
Invocations    | 4 6 |  6.6
Shields        | 2 6 |  6.6

Action                   |  1- 3 |  4- 6 |  7- 9 | 10-12 || total
-------------------------+-------+-------+-------+-------++-------
Melee: Dagger            |    98 |   230 |   384 |   352 ||  1064
       Long sword        |       |       |    63 |       ||    63
       Lajatang          |       |       |     2 |       ||     2
 Fire: Blowgun           |    15 |     7 |    75 |    23 ||   120
Throw: Tomahawk          |       |       |       |    10 ||    10
 Abil: Heal Wounds       |     1 |     2 |    27 |    16 ||    46
Evoke: Wand              |       |       |    11 |     6 ||    17
  Use: Scroll            |     3 |    12 |     3 |     4 ||    22
       Potion            |       |     1 |       |     4 ||     5
 Stab: Sleeping          |     7 |    15 |     7 |     6 ||    35
       Paralysed         |       |       |     8 |       ||     8
  Eat: Chunk             |     1 |       |       |       ||     1
       Ration            |       |     2 |     4 |     1 ||     7
Armor: Robe              |    19 |    37 |    59 |    30 ||   145
Dodge: Dodged            |    41 |   106 |   164 |   156 ||   467
Block: Shield            |       |       |    80 |   164 ||   244
       Rpst.: Long sword |       |       |    13 |       ||    13

Table legend:
 A = Spawn XP
 B = Non-spawn XP
 C = Spawn XP percentage of total XP
 D = Spawn monster count
 E = Non-spawn monster count
 F = Spawn count percentage of total count
 G = Total turns spent on level
                    A         B        C        D         E        F      G
               +---------+---------+-------+---------+---------+-------+---------
         Total |       0 |   10983 |   0.0 |       0 |     232 |   0.0 |  7715
               +---------+---------+-------+---------+---------+-------+---------
           D:1 |       0 |      34 |   0.0 |       0 |      23 |   0.0 |   557
           D:2 |       0 |      76 |   0.0 |       0 |      16 |   0.0 |  1010
           D:3 |       0 |     196 |   0.0 |       0 |      33 |   0.0 |   715
           D:4 |       0 |     288 |   0.0 |       0 |      19 |   0.0 |   564
           D:5 |       0 |     993 |   0.0 |       0 |      33 |   0.0 |  1669
           D:6 |       0 |     842 |   0.0 |       0 |      19 |   0.0 |  1026
           D:7 |       0 |     938 |   0.0 |       0 |      16 |   0.0 |   723
           D:8 |       0 |    4347 |   0.0 |       0 |      29 |   0.0 |   566
           D:9 |       0 |    1590 |   0.0 |       0 |      25 |   0.0 |   283
         Orc:1 |       0 |    1679 |   0.0 |       0 |      19 |   0.0 |   334
               +---------+---------+-------+---------+---------+-------+---------
